 Dungeon Crawl Stone Soup version 0.30-a0-358-g0d69a1922f (webtiles) character file.

Game seed: 10590914569349044359

585 p00ps00p the Shooter (level 7, -3/60 HPs)
             Began as a Hill Orc Fighter on Nov 9, 2022.
             Was an Initiate of Gozag.
             Killed by nerve-wracking pain
             ... invoked by Menkaure
              (13 damage)
             ... on level 5 of the Dungeon.
             The game lasted 00:09:45 (4343 turns).

p00ps00p the Shooter (Hill Orc Fighter)             Turns: 4343, Time: 00:09:46

Health: -3/60      AC:  7    Str: 18 (21) XL:     7   Next: 37%
Magic:  7/7        EV:  9    Int:  9 (10) God:    Gozag
Gold:   216        SH:  5    Dex:  7 (10) Spells: 6/6 levels left

rFire   . . .      SeeInvis .    h - +8 sling of Tartarus {flame, rPois Int+2 Stlth+}
rCold   . . .      Faith    .    c - +1 buckler
rNeg    . . .      Spirit   .    b - +0 scale mail
rPois   +          Reflect  .    (no helmet)
rElec   .          Harm     .    (no cloak)
rCorr   .          Rampage  .    (no gloves)
Will    .....                    (no boots)
Stlth   ..........               (no amulet)
HPRegen 0.30/turn                (no ring)
MPRegen 0.10/turn                (no ring)

@: silenced (expiring), flying
A: no striking features
a: Renounce Religion


You were on level 5 of the Dungeon.
You worshipped Gozag.
Gozag was aware of your devotion.
You visited 2 branches of the dungeon, and saw 6 of its levels.

You collected 264 gold pieces.
You paid 48 gold pieces to Gozag.

Inventory:

Hand Weapons
 a - a +0 war axe
 h - the +8 sling of Tartarus (weapon) {flame, rPois Int+2 Stlth+}
   (You took it off a hobgoblin on level 2 of the Dungeon)

   Any ammunition fired from it burns those it strikes, dealing additional fire
   damage.
   Int:       It affects your intelligence (+2).
   rPois:     It protects you from poison.
   Stlth:     It makes you more stealthy.
 l - the +7 hand axe "Waoll" {vorpal, Str+2}
   (You found it on level 5 of the Dungeon)

   It inflicts extra damage upon your enemies.
   Str:       It affects your strength (+2).
Missiles
 i - 29 stones
Armour
 b - a +0 scale mail (worn)
 c - a +1 buckler (worn)
Scrolls
 j - a scroll of amnesia
 s - a scroll of silence
Potions
 d - 3 potions of might
 e - 2 potions of magic
 f - 2 potions of resistance
 g - a potion of brilliance {unknown}
 k - a potion of flight
 m - a potion of degeneration
 n - a potion of mutation {unknown}
 t - a potion of attraction {unknown}


   Skills:
 - Level 4.6 Fighting
 - Level 4.1 Axes
 + Level 5.3 Ranged Weapons
 - Level 4.1 Armour
 - Level 4.1 Shields


You had 6 spell levels left.
You didn't know any spells.
Your spell library contained the following spells:

 Spells                   Type           Power      Damage    Failure   Level
 Beastly Appendage        Tmut           0%         N/A       85%         1
 Wereblood                Tmut           0%         N/A       94%         2
 Ignite Poison            Fire/Tmut/Pois 0%         N/A       99%         3
 Kindle Blastsparks       Fire/Tloc/Air  0%         2d10      99%         3
 Spider Form              Tmut/Pois      0%         N/A       99%         3
 Freezing Cloud           Conj/Ice/Air   0%         6-21      100%        5


Dungeon Overview and Level Annotations

Branches:
Dungeon (5/15)             Temple (1/1) D:4

Altars:
Ashenzari
Dithmenos
Elyvilon
Gozag
Kikubaaqudgha
Makhleb
Nemelex Xobeh
Okawaru
Qazlal
Ru
Sif Muna
Uskayaw
Vehumet
Wu Jian
Xom
Yredelemnul
Zin
The Shining One

Shops:
D:4 (

Annotations:
D:5 Menkaure


Message History

Your iguana's corpse dissolves into shadows!
Okay, then.
Okay, then.
Okay, then.
Fire: h) +8 sling of Tartarus {flame, rPois Int+2 Stlth+}
Press: ? - help, Q - select action, (/) - cycle Shift-Dir - straight line, f - Menkaure
Aim: Menkaure (heavily damaged, ally target, 79% to hit)
Really fire in your adder's direction?
Okay, then.
Your gnoll barely misses Menkaure.
Your adder barely misses Menkaure.
Menkaure closely misses your adder.
Your adder bites Menkaure but does no damage.
Your gnoll barely misses Menkaure.
An adder comes into view.
Your adder bites Menkaure.
Menkaure hits your adder.
Your gnoll hits Menkaure with a +0 whip.
Your adder bites Menkaure.
Menkaure hits your gnoll!
Your gnoll dies!
Your gnoll's corpse dissolves into shadows!
Your adder bites Menkaure.
Your adder bites Menkaure but does no damage.
Menkaure calls on the powers of darkness!
Your adder convulses!
Your body is wracked with pain!
* * * LOW HITPOINT WARNING * * *
Your adder dissolves into shadows!
Menkaure points at you and mumbles some strange words.
Pain shoots through your body!
* * * LOW HITPOINT WARNING * * *
It was a potion of flight.
You feel very buoyant.
You fly up into the air.
It was a potion of degeneration.
There was something very wrong with that liquid.
You feel weakened.
You feel dopey.
You feel clumsy. The adder bites you but does no damage.
Menkaure casts a spell at you. Pain shoots through your body!
You die...
Your body crumbles into a pile of gold.

.....##...###.........
..........####....#...
#........##.....###..
###......$.....###..#
#..........#..........
........M.###M........
#.#.....#####.........
# #...).#.#.....$.....
##..........@.##...
#......##..S## ... $
...... #...........
................
....#...##......
...###.## .#.... ...
#. .#.... .. #. # #..
.. ..


You could see Menkaure and an adder.

Vanquished Creatures
  An ogre (D:4)
  A phantom (D:4)
  3 orc priests
  A hound (D:4)
  A jelly (D:5)
  An orc wizard (D:4)
  8 adders
  A shadow imp (D:5)
  A worm (D:3)
  3 dart slugs
  11 orcs
  6 ball pythons
  3 bats
  11 endoplasms
  3 giant cockroaches
  6 goblins
  9 hobgoblins
  5 jackals
  5 kobolds
  3 quokkas
  3 frilled lizards
  2 rats (D:1)
88 creatures vanquished.

Vanquished Creatures (collateral kills)
  A necrophage (D:5)
1 creature vanquished.

Vanquished Creatures (others)
  A goblin (D:3)
1 creature vanquished.

Grand Total: 90 creatures vanquished

Notes
Turn   | Place    | Note
-------+----------+-------------------------------------------
     0 | D:1      | p00ps00p the Hill Orc Fighter began the quest for the Orb.
     0 | D:1      | Reached XP level 1. HP: 19/19 MP: 1/1
   332 | D:1      | Reached XP level 2. HP: 27/27 MP: 2/2
  1000 | D:1      | Reached XP level 3. HP: 33/33 MP: 3/3
  1320 | D:2      | Identified the +8 sling of Tartarus {flame, rPois Int+2
                  | Stlth+}
  1668 | D:2      | Reached XP level 4. HP: 40/40 MP: 4/4
  1894 | D:2      | Found a faded altar of an unknown god.
  2272 | D:3      | Reached XP level 5. HP: 10/47 MP: 5/5
  2544 | D:3      | Found a white marble altar of Elyvilon.
  2661 | D:3      | Reached skill level 1 in Ranged Weapons
  3200 | D:4      | Reached skill level 2 in Ranged Weapons
  3205 | D:4      | Reached XP level 6. HP: 53/53 MP: 6/6
  3311 | D:4      | Reached skill level 3 in Ranged Weapons
  3396 | D:4      | Found a stormy altar of Qazlal.
  3460 | D:4      | Found a staircase to the Ecumenical Temple.
  3518 | Temple   | Entered the Ecumenical Temple
  3711 | Temple   | Became a worshipper of Gozag Ym Sagoz the Greedy
  4037 | D:4      | Reached skill level 4 in Ranged Weapons
  4070 | D:4      | Reached XP level 7. HP: 60/60 MP: 7/7
  4076 | D:4      | Found Vyokout's Weapon Boutique.
  4281 | D:5      | Entered Level 5 of the Dungeon
  4308 | D:5      | Reached skill level 5 in Ranged Weapons
  4317 | D:5      | Noticed Menkaure
  4333 | D:5      | Identified the +7 hand axe "Waoll" {vorpal, Str+2}
  4343 | D:5      | Killed from afar by Menkaure

Illustrated notes

Levels and vault maps discovered:
D:1:      minmay_arrival_hallway, layout_basic, minmay_misc_feat_doors
D:2:      layout_basic, chequers_ecumenical_altar_island, reono_crystal_passage
D:3:      layout_rooms, elyvilon_altar_4
D:4:      layout_gridville, nicolae_qazlal_general_emergency,
          minmay_temple_entry_slanted, serial_shops, nicolae_shop_statue_plus,
          serial_bayou_pond_b, grunt_ministairs_9, hangedman_glass_teeth,
          st_stairs_10, hangedman_decor_lopped, minmay_close_crescents
D:5:      layout_cave_pools, kennysheep_mini, trog_antimagical, serial_shops,
          nicolae_shop_trees, uniq_menkaure
Temple:   eino_temple_scatter_basement

Skill      XL: |  1  2  3  4  5  6  7 |
---------------+----------------------+-----
Axes           | 3 4 |  4.1
Fighting       | 4 |  4.6
Armour         | 4 |  4.1
Shields        | 4 |  4.1
Ranged Weapons | 2 4 5 |  5.3

Action                   |  1- 3 |  4- 6 |  7- 9 || total
-------------------------+-------+-------+-------++-------
Melee: War axe           |    82 |     5 |       ||    87
 Fire: Sling             |    18 |   128 |    11 ||   157
  Use: Scroll            |     2 |     2 |     7 ||    11
       Potion            |       |       |     2 ||     2
Armor: Scale mail        |    40 |    26 |     1 ||    67
Dodge: Dodged            |    61 |    23 |       ||    84
Block: Buckler           |    22 |    11 |       ||    33

Table legend: (Time is in decaauts)
 A = Elapsed time spent in this place.
 B = Non-inter-level travel time spent in this place.
 C = Inter-level travel time spent in this place.
 D = Time resting spent in this place.
 E = Time spent auto-exploring this place.
 F = Levels seen in this place.
 G = Mean time per level.
                   A        B        C        D        E       F      G
               +--------+--------+--------+--------+--------+-----+--------+
         Total |   4456 |   4220 |    236 |    999 |   2513 |   6 |  742.7 |
       Dungeon |   4249 |   4043 |    206 |    999 |   2361 |   5 |  849.8 |
        Temple |    206 |    177 |     29 |      0 |    152 |   1 |  206.0 |
               +--------+--------+--------+--------+--------+-----+--------+

Top non-repeatable levels by time:
     D:1: 1331 daAuts
     D:3: 974 daAuts
     D:2: 941 daAuts
     D:4: 938 daAuts
  Temple: 206 daAuts
     D:5: 64 daAuts
